 Dungeon Crawl Stone Soup version 0.20-a0-268-gb6bde61 (webtiles) character file.

833 Duffy the Changer (level 7, -1/35 HPs)
             Began as a Spriggan Transmuter on Dec 7, 2016.
             Slain by Duvessa
             ... wielding a +2 rapier of electrocution
              (5 damage)
             ... on level 5 of the Dungeon.
             The game lasted 00:09:59 (8151 turns).

Duffy the Changer (Spriggan Transmuter)             Turns: 8151, Time: 00:10:00

Health: -1/35      AC:  2    Str:  8    XL:     7   Next: 66%
Magic:  14/15      EV: 22    Int: 14    God:
Gold:   322        SH:  0    Dex: 27    Spells: 10/16 levels left

rFire  . . .     SeeInvis +       - Unarmed
rCold  . . .     Gourm    .     (armour currently unavailable)
rNeg   . . .     Faith    .     (shield currently unavailable)
rPois  x         Spirit   .     (helmet currently unavailable)
rElec  .         Reflect  .     (cloak currently unavailable)
rCorr  .         Harm     .     (gloves unavailable)
MR     +....                    (boots unavailable)
Stlth  ++........               k - amulet of magic regeneration
                                (no ring)
                                h - +5 ring of dexterity

@: spider-form, heavily drained
A: unfitting armour, see invisible, herbivore 3, (speed 0), slow metabolism 2
a: End Transformation


You were on level 5 of the Dungeon.
You were hungry.
You were a venomous arachnid creature.
You visited 1 branch of the dungeon, and saw 5 of its levels.

You collected 322 gold pieces.

Inventory:

Missiles
 a - 76 arrows
Armour
 b - a +0 robe (melded)
Jewellery
 h - a +5 ring of dexterity (left front leg)
 k - an amulet of magic regeneration (around neck)
 n - an uncursed amulet of harm
Wands
 s - a wand of slowing (26/48)
Scrolls
 e - a scroll of fog {unknown}
 f - 2 scrolls of teleportation
 i - a scroll of enchant weapon {unknown}
 j - a scroll of amnesia {unknown}
 m - 3 scrolls of remove curse
 o - a scroll of magic mapping {unknown}
 r - a scroll of fear {unknown}
Potions
 g - a potion of ambrosia
 l - 2 potions of curing
 p - a potion of brilliance
 q - 2 potions of heal wounds
Books
 c - a book of Changes

   Spells                             Type                      Level
   a - Beastly Appendage              Transmutation                1
   b - Sticks to Snakes               Transmutation                2
   c - Spider Form                    Transmutation/Poison         3
   d - Ice Form                       Ice/Transmutation            4
   e - Blade Hands                    Transmutation                5
Comestibles
 d - 2 bread rations
 t - 4 fruits


   Skills:
 + Level 2.6(1.0) Fighting
 + Level 4.5(2.8) Dodging
 + Level 4.6(2.8) Unarmed Combat
 - Level 5.0(3.3) Spellcasting
 - Level 5.5(3.8) Transmutations
 - Level 2.5(0.9) Poison Magic


You had 10 spell levels left.
You knew the following spells:

 Your Spells              Type           Power        Failure   Level  Hunger
a - Spider Form           Tmut/Pois      #.........   45%         3    ###....
b - Beastly Appendage     Tmut           ##....       14%         1    #......
s - Sticks to Snakes      Tmut           ##......     24%         2    ##.....


Dungeon Overview and Level Annotations

Branches:
Dungeon (5/15)
 Temple: D:4-7

Altars:
Elyvilon
The Shining One

Annotations:
D:5 Dowan, Duvessa


Innate Abilities, Weirdness & Mutations

You are very small and have problems with some larger weapons.
You are too small for most types of armour.
You have supernaturally acute eyesight. (SInv)
You are a herbivore.
((You cover ground extremely quickly.))
You need consume almost no food.


Message History

Your +0 robe melds into your body.
Duvessa barely misses you.
You hit Duvessa.
Duvessa is poisoned.
Duvessa is lightly wounded.
Dowan casts a spell.
Dowan blinks!
Duvessa hits you with a rapier of electrocution.
You are electrocuted!
You are too injured to fight recklessly!
You are too injured to fight recklessly!
Dowan zaps a wand.
The puff of flame misses you.
It is a wand of flame (?/48).
Duvessa hits you with a rapier of electrocution!
You barely miss Duvessa.
Duvessa is lightly wounded.
Duvessa hits you with a rapier of electrocution.
Dowan gestures wildly while chanting.
Dowan blinks!
You hit Duvessa.
Duvessa is lightly wounded.
Duvessa hits you with a rapier of electrocution.
You die...

.. #.#......O.......# ##..
#.#........###.#.## ...
##......[)..(....... ....
.###..........###.##
#.#.##.###........^###.... .
#.#................##...##
..e####.###.####........#.......
...e.........###.###..........##
.###..0....<.es.........##.....
##.....0...........#..#.....
###..........#.##............
.....[.........>........<)...
...........##......#####......
...#.........##....## ##..)).
...#.......#..#.....#####...(.
....#..%....##.................
#.......##.......#####.##..


You could see Duvessa.

Vanquished Creatures
  An ice beast (D:5)
  3 ogres
  A howler monkey (D:4)
  A hound (D:4)
  3 orc priests (D:4)
  2 orc wizards
  An iguana (D:4)
  A worker ant (D:4)
  A hound zombie (D:5)
  A worker ant zombie (D:4)
  4 gnolls (D:5)
  4 adders
  2 oozes (D:4)
  3 worms
  3 leopard geckos
  13 orcs
  A ball python (D:2)
  3 giant cockroaches
  9 goblins
  10 hobgoblins
  8 jackals
  7 bats
  A frilled lizard (D:2)
  6 kobolds
  6 rats
95 creatures vanquished.

Vanquished Creatures (collateral kills)
  A scorpion (D:4)
  An adder (D:2)
  A worm (D:2)
  A hobgoblin (D:1)
4 creatures vanquished.

Grand Total: 99 creatures vanquished

Notes
Turn   | Place    | Note
-------+----------+-------------------------------------------
     0 | D:1      | Duffy the Spriggan Transmuter began the quest for the Orb.
     0 | D:1      | Reached XP level 1. HP: 9/9 MP: 5/5
    31 | D:1      | Reached skill level 1 in Fighting
   857 | D:1      | Reached XP level 2. HP: 10/14 MP: 6/6
  1549 | D:1      | Learned a level 2 spell: Sticks to Snakes
  1634 | D:2      | Reached XP level 3. HP: 18/18 MP: 8/8
  1646 | D:2      | Learned a level 3 spell: Spider Form
  1761 | D:2      | Reached skill level 2 in Fighting
  2053 | D:2      | Reached skill level 3 in Unarmed Combat
  2498 | D:2      | Reached skill level 3 in Transmutations
  3009 | D:2      | Reached skill level 3 in Spellcasting
  3204 | D:2      | Reached XP level 4. HP: 15/23 MP: 9/9
  5489 | D:4      | Noticed an ogre
  5502 | D:4      | Killed an ogre
  5502 | D:4      | Reached skill level 1 in Poison Magic
  5502 | D:4      | Reached XP level 5. HP: 26/26 MP: 6/11
  5731 | D:4      | Reached skill level 4 in Spellcasting
  5731 | D:4      | Reached skill level 4 in Transmutations
  5836 | D:4      | Reached skill level 2 in Poison Magic
  5836 | D:4      | Reached XP level 6. HP: 29/30 MP: 13/13
  6407 | D:4      | Found a glowing golden altar of the Shining One.
  6556 | D:3      | Reached skill level 4 in Unarmed Combat
  6556 | D:3      | Reached skill level 5 in Transmutations
  7417 | D:5      | Entered Level 5 of the Dungeon
  7440 | D:5      | Reached XP level 7. HP: 33/35 MP: 15/15
  7471 | D:5      | Reached skill level 5 in Spellcasting
  7754 | D:5      | Reached skill level 4 in Dodging
  8041 | D:5      | Found a white marble altar of Elyvilon.
  8131 | D:5      | Noticed Dowan
  8132 | D:5      | Noticed Duvessa
  8151 | D:5      | Slain by Duvessa

Vault maps used:
D:1:      dpeg_arrival_ternary
D:2:      grunt_ministairs_3
D:3:      wad_lake_hut, first_bread
D:4:      corexii_mini_fake_secret_closet, nicolae_tso_carved_into_rock
D:5:      grunt_temple_overflow_growth_and_decay, basic_altar, uniq_duvessa

Skill      XL: |  1  2  3  4  5  6  7 |
---------------+----------------------+-----
Fighting       | 1 2 |  2.6
Unarmed Combat | 3 4 |  4.6
Transmutations | 3 4 5 |  5.5
Spellcasting   | 3 4 5 |  5.0
Poison Magic   | 1 2 |  2.5
Dodging        | 4 |  4.5

Action                   |  1- 3 |  4- 6 |  7- 9 || total
-------------------------+-------+-------+-------++-------
Melee: Unarmed           |   227 |   247 |    57 ||   531
       Punch             |     4 |     2 |       ||     6
 Cast: Sticks to Snakes  |    10 |     6 |       ||    16
       Spider Form       |       |    10 |     5 ||    15
 Abil: End Transformatio |       |     1 |       ||     1
  Use: Scroll            |       |     7 |       ||     7
       Potion            |       |     1 |       ||     1
 Stab: Sleeping          |     1 |     1 |       ||     2
       Distracted        |     1 |     2 |       ||     3
  Eat: Bread ration      |       |     1 |       ||     1
       Pizza             |       |     1 |       ||     1
Armor: Robe              |    23 |     8 |       ||    31
       Skin              |       |     3 |     1 ||     4
Dodge: Dodged            |   188 |   174 |    55 ||   417
